 Dungeon Crawl Stone Soup version 0.28.0-53-g5a82cb258f (webtiles) character file.

Game seed: 2449096994256032304

559 Revguard the Shield-Bearer (level 6, -2/76 HPs)
             Began as a Demigod Fighter on Aug 25, 2022.
             Slain by Eustachio
             ... wielding a +0 rapier
              (4 damage)
             ... on level 4 of the Dungeon.
             The game lasted 00:08:23 (3689 turns).

Revguard the Shield-Bearer (Demigod Fighter)        Turns: 3689, Time: 00:08:24

Health: -2/76      AC: 23    Str: 21    XL:     6   Next: 82%
Magic:  11/11      EV:  2    Int: 16    God:
Gold:   96         SH:  6    Dex: 13    Spells: 5/8 levels left

rFire   . . .      SeeInvis .   h - +1 short sword (vamp)
rCold   . . .      Faith    .   c - +1 buckler
rNeg    . . .      Spirit   .   (armour currently unavailable)
rPois   +          Reflect  .   (helmet currently unavailable)
rElec   .          Harm     .   (cloak currently unavailable)
rCorr   .          Rampage  .   (gloves currently unavailable)
Will    .....      NoTele   +   (boots currently unavailable)
Stlth   +.........              (no amulet)
HPRegen 0.22/turn               (no ring)
MPRegen 0.12/turn               (no ring)

@: mighty, tree-form (expiring), attractive
A: stationary, stasis, torment immunity, boosted hp, high MP 1, forlorn, divine
attributes, clever 1, (teleportitis 1)
a: no special abilities


You were on level 4 of the Dungeon.
You were a tree.
You visited 1 branch of the dungeon, and saw 4 of its levels.

You collected 96 gold pieces.

Inventory:

Hand Weapons
 a - a +0 long sword
 h - a +1 vampiric short sword (weapon)
Armour
 c - a +1 buckler (worn)
 e - a +0 chain mail (melded)
 f - a +0 pair of gloves (melded)
 j - a +2 helmet (melded)
 l - a +0 cloak (melded)
Scrolls
 i - a scroll of brand weapon {unknown}
Potions
 b - a potion of attraction


   Skills:
 + Level 3.5 Fighting
 + Level 0.4(1.7) Short Blades
 - Level 2.7(2.8) Long Blades
 + Level 3.5 Armour
 + Level 1.9 Dodging
 + Level 3.6 Shields
 + Level 1.7 Spellcasting
 + Level 1.8 Necromancy
 - Level 1.8 Transmutations
 + Level 1.9 Evocations


You had 5 spell levels left.
You knew the following spells:

 Your Spells              Type           Power      Damage    Failure   Level
a - Vampiric Draining     Necr           7%         2d6       36%         3

Your spell library contained the following spells:

 Spells                   Type           Power      Damage    Failure   Level
 Pain                     Necr           28%        1d5       13%         1
 Slow                     Hex            4%         N/A       28%         1
 Confusing Touch          Hex            1%         N/A       63%         3
 Gell's Gravitas          Tloc           1%         N/A       63%         3
 Lesser Beckoning         Tloc           1%         N/A       63%         3
 Teleport Other           Tloc           1%         N/A       63%         3
 Agony                    Necr           7%         N/A       98%         5
 Excruciating Wounds      Necr           3%         N/A       98%         5


Dungeon Overview and Level Annotations

Branches:
Dungeon (4/15)
 Temple: D:4-7

Annotations:
D:4 Eustachio


Innate Abilities, Weirdness & Mutations

You are a tree.
Your roots penetrate the ground, keeping you stationary.
You cannot be teleported.
You are immune to unholy pain and torment.
Your maximum health is greatly increased.
Your equipment is partially melded.
You have an increased reservoir of magic. (+10% MP)
You shall have no god before yourself.
Your divine heritage dramatically boosts your attributes as you level up.
Your mind is acute. (Int +2)
((You are occasionally teleported next to monsters.))


Message History

You barely miss the river rat.
The river rat is heavily wounded.
The river rat bites you but does no damage.
You hit the river rat but do no damage.
The river rat is heavily wounded.
The river rat bites you but does no damage.
You barely miss the river rat.
The river rat is heavily wounded.
The river rat bites you.
* * * LOW HITPOINT WARNING * * *
You barely miss the river rat.
The river rat is heavily wounded.
Your transformation is almost over.
You block the river rat's attack.
Eustachio gestures wildly while chanting.
You closely miss the river rat.
The river rat is heavily wounded.
The river rat bites you.
* * * LOW HITPOINT WARNING * * *
You hit the river rat but do no damage.
The river rat is heavily wounded.
The river rat bites you but does no damage.
You feel very mighty all of a sudden.
The river rat bites you but does no damage.
You puncture the river rat!
You kill the river rat!
The river rat's corpse disappears in a puff of smoke!
Eustachio mumbles some strange words.
You hit the rat.
You kill the rat!
The rat's corpse disappears in a puff of smoke!
You puncture the rat!
You kill the rat!
The rat's corpse disappears in a puff of smoke!
Really quaff the potion of attraction?
You feel attractive to monsters.
You barely miss Eustachio.
Eustachio is lightly wounded.
Eustachio hits you with a +0 rapier.
You die...

.#.♣♣≈≈ #.#
....≈≈≈ #.# #..P..
#.# ###....##.#
..........##
####.?.$.@.#
######..#
#####..#########.
.........@♣.......
######.##########.
#.# ..# ####


You could see Eustachio.

Vanquished Creatures
  Sigmund (D:3)
  A water moccasin (D:4)
  A hound (D:4)
  Crazy Yiuf (D:2)
  2 iguanas (D:4)
  Jessica (D:3)
  A hound skeleton (D:4)
  Robin (D:2)
  3 adders
  A worm (D:2)
  2 dart slugs
  3 orcs (D:3)
  5 ball pythons
  10 bats
  2 endoplasms
  9 giant cockroaches
  11 goblins
  7 hobgoblins
  4 jackals (D:2)
  3 quokkas
  3 frilled lizards
  9 kobolds
  4 rats (D:1)
85 creatures vanquished.

Vanquished Creatures (others)
  9 plants (D:4)
9 creatures vanquished.

Grand Total: 94 creatures vanquished

Notes
Turn   | Place    | Note
-------+----------+-------------------------------------------
     0 | D:1      | Revguard the Demigod Fighter began the quest for the Orb.
     0 | D:1      | Reached XP level 1. HP: 18/18 MP: 3/3
   197 | D:1      | Reached XP level 2. HP: 25/25 MP: 4/4
  1080 | D:2      | Reached XP level 3. HP: 24/30 MP: 6/6
  1336 | D:2      | Noticed Robin
  1342 | D:2      | Killed Robin
  1647 | D:2      | Learned a level 3 spell: Vampiric Draining
  1721 | D:2      | Reached skill level 1 in Transmutations
  1830 | D:2      | Reached XP level 4. HP: 35/37 MP: 8/8
  1885 | D:2      | Found a runed translucent door.
  1886 | D:2      | Noticed Crazy Yiuf
  2167 | D:2      | You fall into a shaft and drop 1 floor!
  2167 | D:3      | Noticed Sigmund
  2186 | D:3      | Killed Sigmund
  2187 | D:3      | Reached skill level 1 in Dodging
  2187 | D:3      | Reached skill level 1 in Spellcasting
  2187 | D:3      | Reached skill level 1 in Necromancy
  2187 | D:3      | Reached skill level 1 in Evocations
  2187 | D:3      | Reached XP level 5. HP: 45/45 MP: 9/9
  2315 | D:3      | Noticed Jessica
  2320 | D:3      | Killed Jessica
  3066 | D:2      | Killed Crazy Yiuf
  3067 | D:2      | Reached XP level 6. HP: 26/51 MP: 5/10
  3120 | D:2      | Gained mutation: You are occasionally teleported next to
                  | monsters. [potion of mutation]
  3120 | D:2      | Gained mutation: Your mind is acute. (Int +2) [potion of
                  | mutation]
  3228 | D:4      | Noticed a water moccasin
  3244 | D:4      | Killed a water moccasin
  3639 | D:4      | Noticed Eustachio
  3680 | D:4      | HP: 3/76 [river rat[Eustachio] (3)]
  3682 | D:4      | HP: 1/76 [river rat[Eustachio] (3)]
  3689 | D:4      | Slain by Eustachio

Illustrated notes

Levels and vault maps discovered:
D:1:      minmay_arrival_four_houses, layout_basic,
          dreamdust_ecumenical_altar_grove
D:2:      layout_basic, serial_co_window_serial, co_window_cross_1,
          co_window_paths_b, co_window_cross_1, co_window_paths_a,
          co_window_corner_a, co_window_cross_1, co_window_paths_a,
          co_window_broadway_a, co_window_broadway_c, co_window_broadway_c,
          co_window_paths_e, glass_columns_a, ebering_dispersal_statue_hall,
          uniq_robin, uniq_crazy_yiuf_cottage
D:3:      layout_loops_ring, uniq_jessica, uniq_sigmund
D:4:      layout_loops_ring, mainiacjoe_overflow_alcove_4,
          minmay_temple_entry_glassed_door, serial_bayou, serial_bayou_pond_c,
          serial_bayou_ford_a, serial_bayou_pond_d, serial_bayou_pond_c,
          serial_shops, shop_fountains, uniq_eustachio

Skill      XL: |  1  2  3  4 |
---------------+-------------+-----
Long Blades    | 2 |  2.7
Armour         | 3 |  3.5
Shields        | 3 |  3.6
Transmutations | 1 |  1.8
Fighting       | 3 |  3.5
Dodging        | 1 |  1.9
Spellcasting   | 1 |  1.7
Necromancy     | 1 |  1.8
Evocations     | 1 |  1.9
Short Blades   | |  0.4

Action                   |  1- 3 |  4- 6 || total
-------------------------+-------+-------++-------
Melee: Long sword        |    83 |       ||    83
       Short sword       |    96 |   226 ||   322
  Use: Potion            |       |     7 ||     7
       Scroll            |       |     4 ||     4
Armor: Scale mail        |    45 |       ||    45
       Chain mail        |    81 |    94 ||   175
       Skin              |       |     7 ||     7
Dodge: Dodged            |   104 |    65 ||   169
Block: Buckler           |    65 |    53 ||   118
